 Dungeon Crawl Stone Soup version 0.30-a0-879-ga8ba668304 (webtiles) character file.

Game seed: 696919858889151348

1570 cheesebisquit the Cleaver (level 8, 0/64 HPs)
             Began as a Hill Orc Fighter on Mar 13, 2023.
             Was a Follower of Beogh.
             Slain by a two-headed ogre
             ... wielding a +0 giant club
              (14 damage)
             ... on level 6 of the Dungeon.
             The game lasted 00:18:24 (4361 turns).

cheesebisquit the Cleaver (Hill Orc Fighter)        Turns: 4361, Time: 00:18:25

Health: 0/64       AC: 12    Str: 17 (20) XL:     8   Next: 90%
Magic:  8/8        EV:  4    Int:  4 (7)  God:    Beogh [*.....]
Gold:   279        SH:  4    Dex: 11 (14) Spells: 7/7 levels left

rFire   . . .      SeeInvis .    a - +1 war axe
rCold   . . .      Faith    .    c - +0 buckler
rNeg    . . .      Spirit   .    e - +1 plate armour
rPois   +          Reflect  .    (no helmet)
rElec   .          Rampage  .    (no cloak)
rCorr   .                        (no gloves)
Will    +....                    (no boots) Stlth
                                 u - amulet of regeneration
HPRegen 1.10/turn                h - ring of flight
MPRegen 0.11/turn                x - ring of poison resistance

@: mighty, flying, unable to drink
A: agile 1, strong-willed 1, inability to drink after injury 1
a: Renounce Religion


You were on level 6 of the Dungeon.
You worshipped Beogh.
Beogh was aware of your devotion.
You visited 1 branch of the dungeon, and saw 6 of its levels.

You collected 279 gold pieces.

Inventory:

Hand Weapons
 a - a +1 war axe (weapon)
 C - a +2 morningstar
Armour
 c - a +0 buckler (worn)
 e - a +1 plate armour (worn)
Jewellery
 h - a ring of flight (left hand)
 s - a ring of resist corrosion
 u - an amulet of regeneration (around neck)
 x - a ring of poison resistance (right hand)
Wands
 n - a wand of acid (3)
 t - a wand of mindburst (12) (quivered)
Scrolls
 b - a scroll of enchant armour
 g - 2 scrolls of magic mapping
 k - a scroll of enchant weapon
 l - a scroll of amnesia
 o - a scroll of fog
 p - 2 scrolls of identify {unknown}
 r - a scroll of fear {unknown}
 v - a scroll of teleportation {unknown}
 y - a scroll of blinking {unknown}
Potions
 d - 3 potions of might
 f - 2 potions of mutation
 i - a potion of heal wounds {unknown}
 j - a potion of invisibility {unknown}
 m - a potion of flight {unknown}
 q - 5 potions of degeneration
 w - a potion of attraction {unknown}
 z - a potion of curing {unknown}
 A - a potion of berserk rage {unknown}
 B - 2 potions of lignification {unknown}


   Skills:
 - Level 3.6 Fighting
 + Level 14.1 Axes
 - Level 3.2 Armour
 - Level 3.2 Shields


You had 7 spell levels left.
You didn't know any spells.
Your spell library contained the following spells:

 Spells                   Type           Power      Damage    Failure   Level
 Apportation              Tloc           0%         N/A       100%        1
 Freeze                   Ice            0%         1d3       100%        1
 Necrotise                Necr           0%         1d4       100%        1
 Summon Small Mammal      Summ           0%         N/A       100%        1
 Frozen Ramparts          Ice            0%         1d1       100%        3
 Gell's Gravitas          Tloc           0%         N/A       100%        3
 Hailstorm                Conj/Ice       0%         3d3       100%        3
 Teleport Other           Tloc           0%         N/A       100%        3
 Ice Form                 Ice/Tmut       0%         N/A       100%        4
 Dispersal                Tloc           0%         N/A       100%        6
 Simulacrum               Ice/Necr       0%         N/A       100%        6


Dungeon Overview and Level Annotations

Branches:
Dungeon (6/15)             Temple (0/1) D:5

Altars:


Innate Abilities, Weirdness & Mutations

You are agile. (Dex +4, Str/Int -1)
You are strong-willed. (Will+)
You occasionally lose the ability to drink potions when taking damage.


Message History

You hit the wyvern.
The wyvern is severely wounded.
The wyvern bites you!
You hit the wyvern but do no damage.
The wyvern is severely wounded.
The wyvern bites you but does no damage.
The wyvern bites you.
You slash the wyvern!
You kill the wyvern!
Beogh accepts your kill.
Your Axes skill increases to level 14!
A two-headed ogre is nearby!
You slash the two-headed ogre!
The two-headed ogre is lightly wounded.
The two-headed ogre hits you but does no damage.
You block the two-headed ogre's attack.
You slash the two-headed ogre!
The two-headed ogre is moderately wounded.
You slice the two-headed ogre!!
The two-headed ogre is severely wounded.
You hear an angry hiss.
The two-headed ogre hits you with a +0 giant club! x2
An iguana comes into view.
You hit the two-headed ogre but do no damage.
The two-headed ogre is severely wounded.
The two-headed ogre hits you with a +0 giant club!
* * * LOW HITPOINT WARNING * * *
The two-headed ogre hits you with a +0 giant club.
* * * LOW HITPOINT WARNING * * *
Okay, then.
It was a potion of degeneration.
There was something very wrong with that liquid.
You feel weakened.
You feel dopey.
You feel clumsy.
It was a potion of mutation.
You feel extremely strange.
You feel strong-willed.
You occasionally lose the ability to drink potions when taking damage.
You feel agile.
The two-headed ogre hits you with a +0 giant club!
You feel threatened and lose the ability to drink potions!
You die...

#..^. #.# #.# #..... #.#
#.## #
......###.###..###### .#
....................#..##
....##)#.#.......#<....#
. #8.####......##..#....
+..'l.##<....# ..# .
#..#8O.#...........
#######@#..........##
#!![([ #'#..........#
.###+####.#...........
#). #8..#..........#. ##
..+..##........ #. ###
......... #


You could see a two-headed ogre and an iguana.

Vanquished Creatures
  A wyvern (D:6)
  Eustachio (D:4)
  Duvessa (D:4)
  An orc warrior (D:6)
  A centaur (D:6)
  An ogre (D:5)
  2 phantoms
  A scorpion (D:5)
  4 wights (D:5)
  Dowan (D:4)
  A howler monkey (D:5)
  2 orc priests (D:5)
  A hound (D:5)
  A jelly (D:4)
  4 orc wizards
  7 adders
  A shadow imp (D:5)
  An ufetubus (D:5)
  A worm (D:2)
  4 dart slugs
  15 orcs
  6 ball pythons
  5 bats
  6 endoplasms
  5 giant cockroaches
  10 hobgoblins
  4 jackals (D:2)
  3 kobolds
  A quokka (D:4)
  3 frilled lizards
  10 goblins
  4 rats
109 creatures vanquished.

Vanquished Creatures (others)
  An endoplasm (D:4)
1 creature vanquished.

Grand Total: 110 creatures vanquished

Notes
Turn   | Place    | Note
-------+----------+-------------------------------------------
     0 | D:1      | cheesebisquit the Hill Orc Fighter began the quest for the
                  | Orb.
     0 | D:1      | Reached XP level 1. HP: 19/19 MP: 1/1
   187 | D:1      | Reached skill level 3 in Axes
   306 | D:1      | Reached XP level 2. HP: 26/26 MP: 2/2
   346 | D:1      | Reached skill level 4 in Axes
   570 | D:1      | Reached XP level 3. HP: 31/31 MP: 3/3
   880 | D:2      | Reached skill level 5 in Axes
   939 | D:2      | Reached XP level 4. HP: 39/39 MP: 4/4
  1221 | D:2      | Reached skill level 6 in Axes
  1812 | D:3      | Found a faded altar of an unknown god.
  2212 | D:4      | Reached XP level 5. HP: 45/45 MP: 5/5
  2306 | D:4      | Became a worshipper of Beogh the Brigand
  2376 | D:4      | Noticed Eustachio
  2379 | D:4      | Killed Eustachio
  2380 | D:4      | Reached skill level 8 in Axes
  2380 | D:4      | Reached XP level 6. HP: 51/51 MP: 6/6
  2631 | D:4      | Noticed Duvessa
  2631 | D:4      | Noticed Dowan
  2642 | D:4      | Killed Duvessa
  2643 | D:4      | Reached skill level 9 in Axes
  2643 | D:4      | Reached XP level 7. HP: 39/57 MP: 7/7
  2645 | D:4      | Killed Dowan
  2820 | D:5      | Entered Level 5 of the Dungeon
  2823 | D:5      | Found a staircase to the Ecumenical Temple.
  2846 | D:5      | Reached skill level 10 in Axes
  2989 | D:5      | Reached skill level 11 in Axes
  3004 | D:5      | Reached XP level 8. HP: 61/64 MP: 8/8
  3133 | D:5      | Reached * piety under Beogh
  3141 | D:5      | Reached skill level 12 in Axes
  4079 | D:6      | Reached skill level 13 in Axes
  4323 | D:6      | Noticed a two-headed ogre
  4340 | D:6      | Noticed a wyvern
  4349 | D:6      | Killed a wyvern
  4350 | D:6      | Reached skill level 14 in Axes
  4361 | D:6      | Gained mutation: You are strong-willed. (Will+) [potion of
                  | mutation]
  4361 | D:6      | Gained mutation: You occasionally lose the ability to drink
                  | potions when taking damage. [potion of mutation]
  4361 | D:6      | Gained mutation: You are agile. (Dex +4, Str/Int -1)
                  | [potion of mutation]
  4361 | D:6      | Slain by a two-headed ogre

Illustrated notes

Levels and vault maps discovered:
D:1:      dpeg_arrival_circle_labyrinth_c, layout_basic, serial_glass,
          glass_columns_a, glass_columns_a, glass_columns_b, glass_columns_a,
          glass_columns_a, glass_columns_b, ebering_dispersal_statue_hall
D:2:      layout_loops_ring
D:3:      layout_basic, basic_ecumenical_altar
D:4:      layout_loops_ring, uniq_eustachio, uniq_duvessa
D:5:      layout_layer_cave, minmay_temple_entry_mini_moons
D:6:      minmay_chambers_of_sixes, layout_rooms, evilmike_ruin_ashenzari,
          lemuel_crystal_altar, nicolae_specific_store, palyth_stone_intersect,
          dilly_guarded_unrand_throatcut

Skill      XL: |  1  2  3  4  5  6  7  8 |
---------------+-------------------------+-----
Axes           | 3 4 5 6 8 9 11 14 | 14.1
Fighting       | |  3.6
Armour         | |  3.2
Shields        | |  3.2

Action                     |  1- 3 |  4- 6 |  7- 9 || total
---------------------------+-------+-------+-------++-------
  Melee: War axe           |    92 |   121 |   136 ||   349
 Invoke: Convert to Beogh  |       |     1 |       ||     1
  Evoke: Wand              |       |     8 |     2 ||    10
    Use: Scroll            |       |       |     5 ||     5
         Potion            |       |       |     3 ||     3
 Armour: Plate armour      |    69 |    63 |    55 ||   187
  Dodge: Dodged            |    23 |    26 |    24 ||    73
  Block: Buckler           |    19 |    27 |    23 ||    69

Table legend: (Time is in decaauts)
 A = Elapsed time spent in this place.
 B = Non-inter-level travel time spent in this place.
 C = Inter-level travel time spent in this place.
 D = Time resting spent in this place.
 E = Time spent auto-exploring this place.
 F = Levels seen in this place.
 G = Mean time per level.
                   A        B        C        D        E       F      G
               +--------+--------+--------+--------+--------+-----+--------+
         Total |   4405 |   4165 |    240 |    165 |   3152 |   6 |  734.2 |
       Dungeon |   4405 |   4165 |    240 |    165 |   3152 |   6 |  734.2 |
               +--------+--------+--------+--------+--------+-----+--------+

Top non-repeatable levels by time:
     D:5: 1280 daAuts
     D:1: 876 daAuts
     D:2: 753 daAuts
     D:4: 701 daAuts
     D:3: 539 daAuts
     D:6: 253 daAuts
